 Dungeon Crawl Stone Soup version 0.28-a0-804-g60983d4ba9 (webtiles) character file.

Game seed: 13511378931556736538

5330 vurker the Thaumaturge (level 10, -2/77 HPs)
             Began as a Djinni Ice Elementalist on Nov 7, 2021.
             Slain by a death yak (11 damage)
             ... on level 9 of the Dungeon.
             The game lasted 00:15:37 (7586 turns).

vurker the Thaumaturge (Djinni Ice Elementalist)    Turns: 7586, Time: 00:15:37

Health: -2/77      AC:  3    Str:  7    XL:     10   Next: 96%
Gold:   2507       EV: 12    Int: 20    God:
                   SH:  0    Dex: 14

rFire   + + .      SeeInvis .   o - +3 dagger (vorpal)
rCold   . . .      Faith    .   (no shield)
rNeg    . . .      Spirit   .   a - +1 robe
rPois   ∞          Reflect  .   (no helmet)
rElec   .          Harm     .   (no cloak)
rCorr   .          Rampage  .   (no gloves)
Will    ++...                   (boots unavailable)
Stlth   +++.......              i - amulet of regeneration
HPRegen 1.22/turn               e - ring of protection from fire
MPRegen 0.00/turn               j - ring "Mumok" {Ice rPois Will+ Stlth+}

@: about to teleport, flying
A: sickness immunity, fire resistance 2, cold vulnerability 1, float, innate
caster, hp casting, extra vitality 1
a: no special abilities


You were on level 9 of the Dungeon.
You visited 1 branch of the dungeon, and saw 9 of its levels.
You also visited: Ossuary.

You collected 2507 gold pieces.

Inventory:

Hand Weapons
 o - a +3 vorpal dagger (weapon)
   (You took it off a goblin on level 3 of the Dungeon)
Armour
 a - a +1 robe (worn)
 q - a +2 hat
   (You found it on level 3 of the Dungeon)
Magical Staves
 B - a staff of air
   (You found it on level 9 of the Dungeon)
Jewellery
 e - a ring of protection from fire (left hand)
   (You found it on level 6 of the Dungeon)
 i - an amulet of regeneration (around neck)
   (You found it on level 2 of the Dungeon)
 j - the ring "Mumok" (right hand) {Ice rPois Will+ Stlth+}
   (You acquired it in an ossuary)

   [ring of ice]

   It enhances your ice magic.
   rF:        It makes you vulnerable to fire.
   rC:        It protects you from cold.
   rPois:     It protects you from poison.
   Will:      It increases your willpower.
   Stlth:     It makes you more stealthy.
 r - a ring of wizardry
   (You found it on level 8 of the Dungeon)
Wands
 d - a wand of iceblast (3)
   (You found it on level 9 of the Dungeon)
 t - a wand of flame (17)
   (You found it on level 4 of the Dungeon)
 x - a wand of acid (3)
   (You found it on level 5 of the Dungeon)
Scrolls
 f - a scroll of magic mapping
 k - 2 scrolls of fear
 m - a scroll of brand weapon
 v - 2 scrolls of identify
 y - a scroll of teleportation
 A - a scroll of enchant weapon
Potions
 b - 4 potions of attraction
 c - 4 potions of curing
 g - 2 potions of might {unknown}
 h - a potion of heal wounds
 l - a potion of resistance {unknown}
 n - a potion of lignification
 p - a potion of cancellation {unknown}
 s - a potion of flight {unknown}
 u - 2 potions of haste
 w - a potion of invisibility
 z - 3 potions of brilliance


   Skills:
 + Level 8.9 Fighting
 - Level 2.1 Dodging
 - Level 1.5 Stealth
 * Level 10.4 Spellcasting


You had 10 spell levels left.
You knew the following spells:

 Your Spells              Type           Power      Damage    Failure   Level
a - Magic Dart            Conj           100%       1d8       1%          1
b - Frozen Ramparts       Ice            100%       1d12      1%          3
c - Hailstorm             Conj/Ice       67%        3d14      1%          4
d - Ozocubu's Armour      Ice            67%        N/A       1%          3
e - Freeze                Ice            100%       1d11      1%          1
f - Searing Ray           Conj           100%       2d8       1%          2
g - Wereblood             Tmut           51%        N/A       1%          2
h - Conjure Flame         Conj/Fire      51%        6-21      1%          3
Your spell library was empty.

Dungeon Overview and Level Annotations

Branches:
Dungeon (9/15)             Temple (0/1) D:6         Ossuary (visited)
   Lair: D:8-11         Orc: D:9-12

Altars:
Ashenzari
Fedhas
Gozag
Hepliaklqana
Kikubaaqudgha
Nemelex Xobeh
Ru
Sif Muna
Trog
The Shining One

Shops:
D:7 *

Annotations:
D:4 2 transporters, kae's ghost, amateur TeSu
D:8 1 runed translucent door


Innate Abilities, Weirdness & Mutations

You are immune to sickness and miasma.
You are immune to poison.
Your flesh is very heat resistant. (rF++)
You are vulnerable to cold. (rC-)
You float through the air rather than walking.
You learn spells naturally, not from books.
Your magical power is your life essence.
You have superior vitality. (+4 HP)


Message History

The death yak bellows!
You hear a bellow! x2
Aim: a death yak (100% to hit)
The magic dart hits the death yak but does no damage.
You can't see any susceptible monsters within range! (Use Z to cast anyway.)
A wight comes into view.
It is wielding a +0 battleaxe. 2 wights come into view.
A wight is wielding a +0 short sword of speed.
You feel a surge of power!
The walls around you are covered in ice.
The wall freezes the death yak.
The death yak gores you but does no damage.
Aim: a death yak (lightly wounded, 100% to hit)
The magic dart hits the death yak but does no damage.
The wall freezes the death yak.
The death yak gores you!
Aim: a death yak (lightly wounded, 100% to hit)
The magic dart hits the death yak but does no damage.
The wall freezes the death yak!
The death yak gores you.
Aim: a death yak (moderately wounded, 100% to hit)
The magic dart hits the death yak but does no damage.
A death yak comes into view.
The wall freezes the death yak.
The death yak gores you!
Aim: a death yak (moderately wounded, 100% to hit)
The magic dart hits the death yak but does no damage.
The death yak bellows!
You hear a bellow! x3
The wight resists.
The wall freezes the wight.
The wall freezes the death yak.
The death yak gores you but does no damage.
The wight resists.
The wall freezes the wight.
Aim: a death yak (moderately wounded, 100% to hit)
The magic dart hits the death yak.
A death yak comes into view.
The wight completely resists.
The wall freezes the wight but does no damage.
The wight hits you with a +5 dagger!
* * * LOW HITPOINT WARNING * * *
The wall freezes the death yak.
The death yak gores you.
* * * LOW HITPOINT WARNING * * *
Your frozen ramparts will break if you move.
Continue? [Y]es or [N]o only, please.
Your frozen ramparts will break if you move.
Continue?
The frozen ramparts melt away as you move.
The death yak closely misses you.
A death yak comes into view.
The death yak gores you!!
* * * LOW HITPOINT WARNING * * *
The death yak bellows!
You hear a bellow!
As you read the scroll labelled BOKKYE TAIKE, it crumbles to dust.
You feel strangely unstable.
It was a scroll of teleportation.
A death yak comes into view.
The death yak gores you!
You die...

##....... #..##..# #...#
#<..# .. #..##..# #...#
#...# ...#..##..#
#...####...# ......##..#
#..........#
.....Y....####..........#
#.....................
#Y..............###
#.Y######......#... #.@#
#......#.## #zY#
#......#.#: #..#
#......#.#. #..#
#......#.#. #..#
#....(.#.#< #....#
#......#.## ...#.#
#......#... ........
#.......###
...#.#.#.##..>.......


You could see 4 death yaks and a wight.

Vanquished Creatures
  A komodo dragon (D:8)
  A troll (D:7)
  Grinder (D:3)
  Sigmund (D:6)
  A wyvern (D:6)
  4 yaks
  A ynoxinul (D:8)
  3 water moccasins
  An ice beast (D:6)
  2 sky beasts (D:5)
  A black bear (D:5)
  3 ogres
  4 centaurs
  A phantom (D:5)
  2 kobold brigands
  2 bullfrogs
  2 scorpions (D:5)
  A wyvern skeleton (D:6)
  2 water moccasin skeletons (D:4)
  4 killer bees (D:9)
  9 wights
  A howler monkey (D:9)
  A bullfrog zombie (D:7)
  4 hounds
  A centaur zombie (D:8)
  A jelly (D:8)
  2 gnoll shamans
  An orc priest (D:8)
  A centaur skeleton (D:4)
  Jessica (D:3)
  Terence (D:3)
  Natasha (thrice) (D:2)
  2 iguanas
  7 orc wizards
  Ijyb (D:3)
  2 hound skeletons
  8 mummies (Ossuary)
  6 adders
  14 gnolls
  3 howler monkey skeletons (D:7)
  A shadow imp (D:8)
  A white imp (D:8)
  An ufetubus (D:7)
  An adder skeleton (D:5)
  An adder zombie (D:5)
  2 worms
  A dart slug (D:3)
  13 orcs
  3 endoplasms
  2 giant cockroaches (D:1)
  A gnoll zombie (Ossuary)
  13 goblins
  5 hobgoblins
  3 jackals (D:2)
  7 kobolds
  2 quokkas
  10 ball pythons
  3 bats
  7 frilled lizards
  2 hobgoblin zombies (Ossuary)
  3 kobold zombies (Ossuary)
  2 orc zombies (Ossuary)
  4 rats
195 creatures vanquished.

Vanquished Creatures (others)
  3 fungi (D:6)
  3 toadstools (D:6)
6 creatures vanquished.

Grand Total: 201 creatures vanquished

Notes
Turn   | Place    | Note
-------+----------+-------------------------------------------
     0 | D:1      | vurker the Djinni Ice Elementalist began the quest for the
                  | Orb.
     0 | D:1      | Reached XP level 1. HP: 15/15 MP: 0/0
   375 | D:1      | Reached XP level 2. HP: 18/22 MP: 0/0
   660 | D:1      | Reached skill level 1 in Fighting
  1216 | D:2      | Reached XP level 3. HP: 27/27 MP: 0/0
  1216 | D:2      | Learned a level 1 spell: Magic Dart
  1241 | D:2      | Reached skill level 4 in Spellcasting
  1241 | D:2      | Reached XP level 4. HP: 23/32 MP: 0/0
  1277 | D:2      | Found a glowing golden altar of the Shining One.
  1290 | D:2      | Noticed Natasha
  1298 | D:2      | Killed Natasha
  1347 | D:2      | Reached XP level 5. HP: 38/38 MP: 0/0
  1347 | D:2      | Learned a level 2 spell: Searing Ray
  1432 | D:2      | Noticed Natasha
  1441 | D:2      | Killed Natasha
  1471 | D:2      | Noticed Natasha
  1475 | D:2      | Killed Natasha
  1852 | D:3      | Noticed Jessica
  1857 | D:3      | Killed Jessica
  1875 | D:3      | Reached XP level 6. HP: 40/45 MP: 0/0
  1937 | D:3      | Noticed Terence
  1945 | D:3      | Killed Terence
  1991 | D:3      | Found a faded altar of an unknown god.
  2004 | D:3      | Noticed Ijyb
  2014 | D:3      | Killed Ijyb
  2015 | D:3      | Reached skill level 5 in Spellcasting
  2053 | D:3      | Noticed Grinder
  2082 | D:3      | Killed Grinder
  2083 | D:3      | Reached XP level 7. HP: 10/51 MP: 0/0
  2083 | D:3      | Learned a level 2 spell: Wereblood
  2425 | D:3      | Found an opulent altar of Gozag.
  2428 | D:3      | Found a blossoming altar of Fedhas.
  2872 | D:4      | Found a transporter.
  2876 | D:4      | Found a transporter.
  2879 | D:4      | Noticed kae's ghost (amateur TeSu)
  2948 | D:4      | Reached skill level 6 in Spellcasting
  2997 | D:4      | Reached XP level 8. HP: 56/58 MP: 0/0
  3393 | D:5      | Entered Level 5 of the Dungeon
  3457 | D:5      | Reached skill level 5 in Fighting
  3539 | D:5      | Reached skill level 7 in Spellcasting
  3661 | D:5      | Reached XP level 9. HP: 56/66 MP: 0/0
  3661 | D:5      | Learned a level 3 spell: Conjure Flame
  3856 | D:5      | Found a faded altar of an unknown god.
  3864 | D:5      | Found a faded altar of an unknown god.
  3864 | D:5      | Found a hazy altar of Hepliaklqana.
  4147 | D:6      | Identified a scroll of acquirement
  4147 | D:6      | Acquired 900 gold pieces
  4257 | D:6      | Reached skill level 8 in Spellcasting
  4265 | D:6      | Found a staircase to the Ecumenical Temple.
  4558 | D:6      | Noticed Sigmund
  4565 | D:6      | Killed Sigmund
  4647 | D:6      | Found a sparkling altar of Nemelex Xobeh.
  4873 | D:7      | Reached XP level 10. HP: 64/75 MP: 0/0
  5005 | D:7      | Found Vownuec's Neck Hole.
  5080 | D:7      | Found a sacrificial altar of Ru.
  5127 | D:7      | Found a sand-covered staircase.
  5133 | Ossuary  | Entered an ossuary
  5160 | Ossuary  | Reached skill level 9 in Spellcasting
  5279 | Ossuary  | Acquired the ring "Mumok" {Ice rPois Will+ Stlth+}
  5335 | Ossuary  | Acquired 717 gold pieces
  5370 | D:7      | Found a broken altar of Ashenzari.
  6303 | D:8      | Noticed a komodo dragon
  6317 | D:8      | Killed a komodo dragon
  6318 | D:8      | Reached skill level 10 in Spellcasting
  6574 | D:8      | Found a runed translucent door.
  6726 | D:8      | Found a bloodstained altar of Trog.
  7144 | D:8      | Identified the +4 ring mail of the Morning Star {Fly rPois
                  | Regen+}
  7144 | D:8      | Noticed a tengu warrior
  7144 | D:8      | Noticed an efreet
  7567 | D:9      | Noticed a death yak
  7581 | D:9      | Noticed a death yak
  7583 | D:9      | Noticed a death yak
  7585 | D:9      | Noticed a death yak
  7586 | D:9      | Noticed a death yak
  7586 | D:9      | Slain by a death yak

Illustrated notes

Levels and vault maps discovered:
D:1:      lightli_arrival_quake, layout_loops_cross, serial_bayou_crossing
D:2:      layout_loops_ring, basic_altar, uniq_natasha
D:3:      layout_loops_ring, kiku_gazebo_garden_becter,
          nicolae_overflow_hidden_temple, basic_ecumenical_altar,
          roderic_st_hans_cross, patterned_corridor, uniq_ijyb, uniq_jessica,
          uniq_grinder, uniq_terence
D:4:      minmay_chambers_of_twos, layout_rooms, gammafunk_ghost_arena
D:5:      layout_basic, nicolae_hepliaklqana_ecumenical_no_more
D:6:      layout_basic, old_standard_altar, minmay_temple_entry_trees,
          minmay_gold_behind_fungi, uniq_sigmund
D:7:      layout_rooms, nicolae_ru_the_path_less_chosen,
          mainiacjoe_overflow_tiny_flanked, nicolae_ossuary_entry_plus,
          nicolae_shop_sticking_my_neck_out
D:8:      layout_layer_cave, nzn_overflow_gifts_of_might_and_magic, wad_hexagon
D:9:      layout_long_grid, grunt_dithmenos_shadows,
          mainiacjoe_overflow_chevrons, dpeg_lair_monsters, serial_glass,
          glass_columns_c, glass_columns_b, glass_columns_a, glass_columns_a,
          glass_columns_a, glass_columns_b, glass_columns_b, glass_columns_a,
          serial_shops, kennysheep_little_box, minivault_21

Skill      XL: |  1  2  3  4  5  6  7  8  9 10 |
---------------+-------------------------------+-----
Fighting       | 1 2 3 4 5 7 8 |  8.9
Spellcasting   | 4 5 6 7 8 10 | 10.4
Dodging        | |  2.1
Stealth        | |  1.5

Action                   |  1- 3 |  4- 6 |  7- 9 | 10-12 || total
-------------------------+-------+-------+-------+-------++-------
Melee: Unarmed           |     5 |    10 |       |       ||    15
       Dagger            |       |       |     2 |     8 ||    10
 Cast: Freeze            |    26 |       |       |       ||    26
       Magic Dart        |     8 |    97 |   249 |   276 ||   630
       Frozen Ramparts   |     1 |     8 |    21 |    17 ||    47
       Hailstorm         |       |       |     3 |       ||     3
Evoke: Wand              |       |     1 |     3 |     4 ||     8
  Use: Scroll            |       |       |    19 |     5 ||    24
       Potion            |       |       |       |     2 ||     2
 Stab: Paralysed         |       |    10 |       |     5 ||    15
Armor: Robe              |     3 |     5 |    13 |    18 ||    39
Dodge: Dodged            |    15 |    12 |    53 |    90 ||   170

Table legend: (Time is in decaauts)
 A = Elapsed time spent in this place.
 B = Non-inter-level travel time spent in this place.
 C = Inter-level travel time spent in this place.
 D = Time resting spent in this place.
 E = Time spent auto-exploring this place.
 F = Levels seen in this place.
 G = Mean time per level.
                   A        B        C        D        E       F      G
               +--------+--------+--------+--------+--------+-----+--------+
         Total |   7591 |   7320 |    271 |    136 |   5648 |  10 |  759.1 |
       Dungeon |   7366 |   7095 |    271 |    136 |   5571 |   9 |  818.4 |
       Ossuary |    225 |    225 |      0 |      0 |     77 |   1 |  225.0 |
               +--------+--------+--------+--------+--------+-----+--------+

Top non-repeatable levels by time:
     D:8: 1449 daAuts
     D:1: 1052 daAuts
     D:3: 976 daAuts
     D:2: 799 daAuts
     D:5: 744 daAuts
     D:7: 737 daAuts
     D:6: 657 daAuts
     D:4: 564 daAuts
     D:9: 384 daAuts
 Ossuary: 225 daAuts
